 Dungeon Crawl Stone Soup version 0.32-a0-86-g8db1b9f803 (webtiles) character file.

Game seed: 18139702633473450524

502 puppykicker the Twirler (level 6, -7/30 HPs)
             Began as a Spriggan Gladiator on Feb 6, 2024.
             Was an Initiate of Wu Jian.
             Shot with an arrow by a centaur (12 damage)
             ... on level 5 of the Dungeon.
             The game lasted 00:12:18 (3978 turns).

puppykicker the Twirler (Spriggan Gladiator)        Turns: 3978, Time: 00:12:19

Health: -7/30      AC:  2    Str: 12    XL:     6   Next: 95%
Magic:  7/7        EV: 18    Int: 10    God:    Wu Jian [......]
Gold:   207        SH:  5    Dex: 16    Spells: 5/5 levels left

rFire   . . .        a - +0 quarterstaff
rCold   . . .        (shield currently unavailable)
rNeg    . . .        f - +0 robe
rPois   .            c - +0 hat
rElec   .            (no cloak)
rCorr   .            (gloves unavailable)
SInv    +            (boots unavailable)
Will    +....        l - amulet of reflection
Stlth   +            (no ring)
HPRegen 0.25/turn    (no ring)
MPRegen 0.10/turn

%: reflection
@: very quick
A: very small, no large weapons, unfitting armour, see invisible, speed 3
a: Renounce Religion


You were on level 5 of the Dungeon.
You worshipped Wu Jian.
Wu Jian was noncommittal.
You visited 2 branches of the dungeon, and saw 6 of its levels.
You also visited: Sewer.

You collected 207 gold pieces.

Inventory:

Hand Weapons
 a - a +0 quarterstaff (weapon)
 b - a +0 arbalest
 v - a +2 vampiric dagger
 w - a +0 sling
Missiles
 d - 2 throwing nets (quivered)
 e - 9 boomerangs
 k - 28 poisoned darts
 y - 2 curare-tipped darts
Armour
 c - a +0 hat (worn)
 f - a +0 robe (worn)
Jewellery
 l - an amulet of reflection (around neck)
Wands
 p - a wand of polymorph (3)
Scrolls
 g - 3 scrolls of identify {unknown}
 h - a scroll of poison {unknown}
 i - 4 scrolls of teleportation {unknown}
 q - 2 scrolls of revelation {unknown}
 r - 2 scrolls of amnesia {unknown}
 t - 3 scrolls of fog {unknown}
 u - a scroll of torment {unknown}
 z - a scroll of brand weapon {unknown}
 A - a scroll of blinking {unknown}
Potions
 j - a potion of resistance {unknown}
 m - 2 potions of curing {unknown}
 n - a potion of brilliance {unknown}
 o - a potion of invisibility {unknown}
 s - a potion of might {unknown}
 x - a potion of berserk rage {unknown}


   Skills:
 - Level 1.5 Fighting
 + Level 6.0 Staves
 - Level 2.0 Throwing
 - Level 4.0 Dodging


You had 5 spell levels left.
You didn't know any spells.
Your spell library contained the following spells:

 Spells                   Type           Power      Damage    Failure   Level
 Ensorcelled Hibernation  Hex/Ice        0%         N/A       50%         2
 Mercury Vapours          Alch/Air       0%         N/A       50%         2
 Static Discharge         Conj/Air       0%         3-3/arc   50%         2
 Fugue of the Fallen      Necr           0%         N/A       75%         3
 Inner Flame              Hex/Fire       0%         N/A       75%         3
 Mephitic Cloud           Conj/Alch/Air  0%         N/A       75%         3
 Passwall                 Erth           0%         N/A       75%         3
 Swiftness                Air            0%         N/A       75%         3
 Tukima's Dance           Hex            0%         N/A       75%         3
 Airstrike                Air            0%         2d(0-16)  98%         4
 Anguish                  Hex/Necr       0%         N/A       98%         4
 Ignite Poison            Fire/Alch      0%         N/A       98%         4
 Leda's Liquefaction      Alch/Erth      0%         N/A       98%         4
 Passage of Golubria      Tloc           0%         N/A       98%         4
 Sticky Flame             Fire/Alch      0%         2d4       98%         4
 Summon Lightning Spire   Summ/Air       0%         N/A       98%         4
 Freezing Cloud           Conj/Ice/Air   0%         6-21      100%        5
 Irradiate                Conj/Alch      0%         3d11      100%        5
 Lee's Rapid Deconstruct  Erth           0%         3d4*      100%        5
 Yara's Violent Unravell  Hex/Alch       0%         3d3       100%        5
 Bombard                  Conj/Erth      0%         9d1       100%        6
 Ignition                 Fire           0%         3d3       100%        8


Dungeon Overview and Level Annotations

Branches:
Dungeon (5/15)             Temple (1/1) D:5           Sewer (visited)

Altars:
Cheibriados
Dithmenos
Gozag
Hepliaklqana
Kikubaaqudgha
Makhleb
Qazlal
Sif Muna
Uskayaw
Vehumet
Wu Jian
Xom
Yredelemnul
Zin
The Shining One


Innate Abilities, Weirdness & Mutations

You are very small and have problems with some larger weapons.
You are too small for most types of armour.
You have supernaturally acute eyesight. (SInv)
You cover ground extremely quickly. (Speed+++)


Message History

You throw a throwing net. The throwing net hits the centaur.
The centaur is caught in the net!
The centaur struggles against the net. x2
You lunge at the centaur.
You sock the centaur!
The centaur is heavily wounded.
The centaur struggles against the net.
The net rips apart, and the centaur comes free!
There is a broken door, spattered with blood here.
You hit the centaur.
The centaur is almost dead.
The centaur unwields a +0 shortbow.
The centaur wields a +0 hand axe.
The centaur barely misses you. The centaur kicks you.
* * * LOW HITPOINT WARNING * * *
You take 1 damage, and have 9/30 hp.
You hit the centaur but do no damage.
The centaur is almost dead.
The centaur hits you with a +0 hand axe.
* * * LOW HITPOINT WARNING * * *
The centaur closely misses you.
You take 5 damage, and have 4/30 hp.
Unknown command.
Okay, then.
You hit the centaur.
The centaur is almost dead.
The centaur hits you but does no damage.
You block the centaur's attack. The centaur completely misses you.
The centaur closely misses you.
Okay, then.
Unknown command.
You barely miss the centaur.
The centaur is almost dead.
The centaur closely misses you. x2
You hit the centaur but do no damage.
The centaur is almost dead.
The centaur barely misses you. The centaur completely misses you.
The centaur misses you.
The centaur kicks you but does no damage.
The centaur unwields a +0 hand axe.
The centaur wields a +0 shortbow.
The centaur shoots an arrow.
The arrow hits you!
You die...

#.........# #.# #.....###
####.....## #.# #.#..##..
##...## #<# #.#..##..
###.# #.#####.#.##...
##'## #.....)...##...
##...## ########..#....
##.....## ### #..#....
##.......## ##.###....#.#
#........@####...##.#.##.#
+.........'c.>)......))...
#.........####...#.....###
##.......## ##.........#
##..)..## #..≈≈≈≈≈§.#
##...## #..≈≈≈≈≈≈.# ##+##
##.≈≈>_≈≈.# #.≈§.§≈§...
..≈≈§≈≈≈.#.


You could see a centaur.

Levels and vault maps discovered:
D:1:      minmay_arrival_up_and_down, layout_loops_ring,
          shapermc_ecumenical_altar_totnotflames, nicolae_wormholes
D:2:      layout_loops_ring
D:3:      layout_loops_ring, vehumet_altar_wand_db, gup_sewer_entry_spiral
D:4:      layout_cave_pools, mainiacjoe_overflow_chevrons,
          corexii_leaking_fountain, nicolae_figureground_sparkle
D:5:      layout_loops_corners, general_overflow_altar, marbit_many_paths,
          minmay_temple_entry_arrows, minmay_misc_feat_x, minmay_manual_mail
Temple:   minmay_temple_bridge_abc

Notes
Turn   | Place    | Note
-------+----------+-------------------------------------------
     0 | D:1      | puppykicker the Spriggan Gladiator began the quest for the
                  | Orb.
     0 | D:1      | Reached XP level 1. HP: 10/10 MP: 2/2
    20 | D:1      | Identified a +0 dagger
   148 | D:1      | Identified a +0 sling
   241 | D:1      | Identified a +0 quarterstaff
   392 | D:1      | Reached XP level 2. HP: 14/14 MP: 3/3
   399 | D:1      | Identified a +0 leather armour
   402 | D:1      | Identified an amulet of reflection
   427 | D:1      | Identified a +0 dagger
   687 | D:1      | Found a faded altar of an unknown god.
   687 | D:1      | Identified a +0 short sword
  1016 | D:2      | Reached skill level 3 in Staves
  1048 | D:2      | Identified a +1 pair of boots
  1101 | D:2      | Reached XP level 3. HP: 11/18 MP: 4/4
  1190 | D:2      | Identified a +0 chain mail
  1226 | D:2      | Identified a +0 whip
  1306 | D:2      | Identified a +0 short sword
  1348 | D:2      | Identified a +0 pair of gloves
  1423 | D:2      | Identified a +0 short sword
  1631 | D:2      | Identified a +0 hand axe
  1717 | D:3      | Found a radiant altar of Vehumet.
  1721 | D:3      | Identified a +0 dagger
  1829 | D:3      | Identified a +0 flail
  1932 | D:3      | Identified a +0 hand axe
  2117 | D:3      | Reached XP level 4. HP: 18/22 MP: 5/5
  2157 | D:3      | Found a glowing drain.
  2161 | Sewer    | Entered a sewer
  2161 | Sewer    | Identified a +0 dagger
  2161 | Sewer    | Identified a +2 vampiric dagger
  2229 | Sewer    | Identified a +0 dagger
  2236 | Sewer    | Noticed a brain worm
  2241 | Sewer    | Identified 2 potions of heal wounds
  2258 | Sewer    | Killed a brain worm
  2259 | Sewer    | Reached skill level 4 in Staves
  2259 | Sewer    | Reached XP level 5. HP: 25/25 MP: 2/6
  2316 | Sewer    | Noticed Pargi
  2334 | Sewer    | Killed Pargi
  2335 | Sewer    | Reached skill level 5 in Staves
  2405 | Sewer    | Identified a +0 sling
  2410 | Sewer    | Identified a +0 short sword
  2415 | Sewer    | Identified a +0 arbalest
  2431 | Sewer    | Reached XP level 6. HP: 16/30 MP: 4/7
  2855 | D:3      | Identified a +0 spear
  2972 | D:4      | Identified a +0 spear
  2987 | D:4      | Identified a +0 vampiric spear
  2988 | D:4      | Identified a +0 flail
  3016 | D:4      | Found a snail-covered altar of Cheibriados.
  3084 | D:4      | Identified a +0 club
  3183 | D:4      | Identified a +0 dagger
  3192 | D:4      | Identified a +0 whip
  3194 | D:4      | Identified a +0 short sword
  3194 | D:4      | Identified a +0 ring mail
  3199 | D:4      | Identified a +0 mace
  3199 | D:4      | Identified a +0 leather armour
  3200 | D:4      | Identified a +0 dagger
  3205 | D:4      | Identified a +0 club
  3205 | D:4      | Identified a +0 leather armour
  3348 | D:4      | Identified a +0 war axe
  3439 | D:4      | Identified a +0 dagger
  3615 | D:5      | Entered Level 5 of the Dungeon
  3622 | D:5      | Identified a +0 dagger
  3672 | D:5      | Found a staircase to the Ecumenical Temple.
  3681 | Temple   | Entered the Ecumenical Temple
  3700 | Temple   | Became a worshipper of the Wu Jian Council
  3799 | D:5      | Reached skill level 6 in Staves
  3918 | D:5      | Found a burning altar of Makhleb.
  3931 | D:5      | Identified a +0 trident
  3941 | D:5      | Identified a +0 short sword
  3941 | D:5      | Identified a +0 hand axe
  3942 | D:5      | Identified a +0 hand axe
  3942 | D:5      | Identified a +0 shortbow
  3942 | D:5      | Identified a +0 club
  3944 | D:5      | Identified a +0 flail
  3974 | D:5      | HP: 4/30 [centaur/+0 hand axe (5)]
  3978 | D:5      | Shot with an arrow by a centaur

Table legend: (Time is in decaauts)
 A = Elapsed time spent in this place.
 B = Non-inter-level travel time spent in this place.
 C = Inter-level travel time spent in this place.
 D = Time resting spent in this place.
 E = Time spent auto-exploring this place.
 F = Levels seen in this place.
 G = Mean time per level.
                   A        B        C        D        E       F      G
               +--------+--------+--------+--------+--------+-----+--------+
         Total |   2898 |   2755 |    143 |    435 |   1338 |   7 |  414.0 |
       Dungeon |   2556 |   2436 |    120 |    289 |   1338 |   5 |  511.2 |
        Temple |     24 |      2 |     22 |      0 |      0 |   1 |   24.0 |
         Sewer |    317 |    317 |      0 |    146 |      0 |   1 |  317.0 |
               +--------+--------+--------+--------+--------+-----+--------+

Top non-repeatable levels by time:
     D:1: 629 daAuts
     D:3: 611 daAuts
     D:2: 552 daAuts
     D:4: 511 daAuts
   Sewer: 317 daAuts
     D:5: 251 daAuts
  Temple: 24 daAuts

Table legend:
 A = Kills in this place as a percentage of kills in the entire game.
 B = Kills by you in this place as a percentage of kills by you in the entire game.
 C = Kills by friends in this place as a percentage of kills by friends in the entire game.
 D = Other kills in this place as a percentage of other kills in the entire game.
 E = Experience gained in this place as a percentage of experience gained in the entire game.
 F = Experience gained in this place divided by the number of levels of this place that you have seen.
                   A       B       C       D       E      F
               +-------+-------+-------+-------+-------+----------------------
         Total | 100.0 | 100.0 |   N/A |   N/A | 100.0 | 102.6
       Dungeon |  90.4 |  90.4 |   N/A |   N/A |  55.0 |  79.0
         Sewer |   9.6 |   9.6 |   N/A |   N/A |  45.0 | 323.0
               +-------+-------+-------+-------+-------+----------------------

Skill      XL: |  1  2  3  4  5  6 |
---------------+-------------------+-----
Staves         | 3 4 5 6 |  6.0
Fighting       | |  1.5
Throwing       | |  2.0
Dodging        | |  4.0

Action                     |  1- 3 |  4- 6 || total
---------------------------+-------+-------++-------
  Melee: Quarterstaff      |    49 |    63 ||   112
   Fire: Sling             |   114 |     6 ||   120
         Arbalest          |       |    56 ||    56
  Throw: Dart              |       |     6 ||     6
         Throwing net      |       |     2 ||     2
Ability: Lunge             |       |     1 ||     1
  Evoke: Wand              |       |     9 ||     9
    Use: Potion            |       |     2 ||     2
   Stab: Sleeping          |       |     1 ||     1
         Held in net/web   |       |     1 ||     1
 Armour: Robe              |    16 |    34 ||    50
  Dodge: Dodged            |    85 |    77 ||   162
  Block: Other             |    11 |    23 ||    34
         Reflection        |       |     1 ||     1

Vanquished Creatures
  Pargi (Sewer)
  2 brain worms (Sewer)
  A scorpion (D:4)
  A bombardier beetle (D:5)
  An iguana (D:4)
  4 gnolls
  2 adders
  A river rat (D:3)
  2 ufetubi (D:5)
  2 ribbon worms
  A dart slug (D:2)
  7 orcs
  5 ball pythons
  5 bats
  7 endoplasms
  4 giant cockroaches
  2 hobgoblins
  4 jackals (D:2)
  12 kobolds
  6 quokkas
  3 frilled lizards
  4 goblins
  6 rats
83 creatures vanquished.
